 Dungeon Crawl Stone Soup version 0.31.0-9-g3a7656b989 (webtiles) character file.

Game seed: 6781440369303140756

2266 qw the Skirmisher (level 9, 0/50 HPs)
             Began as a Deep Elf Hunter on Feb 2, 2024.
             Incinerated by a bombardier beetle (4 damage)
             ... with a burning spray
             ... on level 6 of the Dungeon.
             The game lasted 00:00:23 (4191 turns).

qw the Skirmisher (Deep Elf Hunter)                 Turns: 4191, Time: 00:00:23

Health: 0/50       AC: 15    Str: 12    XL:     9   Next: 16%
Magic:  11/11      EV: 12    Int: 15    God:
Gold:   199        SH:  0    Dex: 18    Spells: 8/8 levels left

rFire   . . .        a - +3 shortbow (freeze)
rCold   + . .        (shield currently unavailable)
rNeg    . . .        l - +0 ring mail {rC+}
rPois   .            n - +0 helmet
rElec   .            e - +0 cloak
rCorr   .            d - +2 pair of gloves
SInv    +            (no boots)
Will    .....        (no amulet)
Stlth   +            j - ring of see invisible
HPRegen 0.28/turn    h - +4 ring of protection
MPRegen 0.12/turn

%: no passive effects
@: on fire, about to teleport, weakened, glowing
A: no striking features
a: no special abilities


You were on level 6 of the Dungeon.
You visited 1 branch of the dungeon, and saw 6 of its levels.

You collected 293 gold pieces.
You spent 94 gold pieces at shops.


   Skills:
 - Level 3.1 Fighting
 + Level 13.8 Ranged Weapons
 - Level 4.4 Armour
 - Level 4.1 Dodging
 - Level 1.2 Stealth


You had 8 spell levels left.
You didn't know any spells.
Your spell library was empty.

Inventory:

Hand Weapons
 a - a +3 shortbow of freezing (weapon)
Armour
 d - a +2 pair of gloves (worn)
 e - a +0 cloak (worn)
 l - a +0 ring mail of cold resistance (worn)
 n - a +0 helmet (worn)
Jewellery
 f - a ring of willpower
 h - a +4 ring of protection (right hand)
 j - a ring of see invisible (left hand)
 Y - a ring of protection from cold
Wands
 k - a wand of mindburst (14)
Scrolls
 r - a scroll of teleportation
Potions
 b - 2 potions of enlightenment
 c - a potion of mutation
 g - 5 potions of curing
 q - a potion of invisibility {unknown}

Dungeon Overview and Level Annotations

Branches:
Dungeon (6/15)
 Temple: D:4-7

Altars:
Qazlal
Trog
Uskayaw

Shops:
D:2 [?![[

Annotations:
D:3 1 runed translucent door, Crazy Yiuf
D:6 exclusion: moth of wrath


Message History

You feel as though you will be weak longer.
You shoot an arrow. The arrow hits the gnoll bouda.
The arrow freezes the gnoll bouda.
You kill the gnoll bouda!
The liquid fire burns you!
You shoot an arrow. The arrow hits the phantom.
The phantom is lightly damaged.
The liquid fire burns you!
You shoot an arrow. The arrow barely misses the phantom.
The liquid fire burns you!
You shoot an arrow.
The arrow completely misses the phantom.
The arrow hits the hound.
The arrow freezes the hound.
The hound is heavily wounded.
The liquid fire burns you!
The phantom hits you but does no damage.
You shoot an arrow. The arrow hits the phantom!
The phantom is heavily damaged.
The liquid fire burns you!
The phantom hits you but does no damage.
You shoot an arrow. The arrow hits the phantom.
The phantom is severely damaged.
The liquid fire burns you!
The phantom hits you but does no damage.
You shoot an arrow. The arrow closely misses the phantom.
The arrow hits the hound!
The arrow freezes the hound.
You kill the hound!
The liquid fire burns you! The phantom hits you.
4190 ||| READING 2 scrolls of teleportation.
As you read the scroll of teleportation, it crumbles to dust.
You feel strangely unstable. The liquid fire burns you!
The phantom hits you but does no damage.
You shoot an arrow. The arrow misses the phantom.
The arrow hits the bombardier beetle.
The arrow freezes the bombardier beetle.
The bombardier beetle is heavily wounded.
The liquid fire burns you!
You die...

#........)).....
###########)######
#.................
#..##...#...)####.
#.# #...#....# ##
#.###..##...)#####
#......###.......!
#.....## #...#!...
#@..### #...#....
#W### ##..##...
#B. #..####. #...
##...... #...%
##..... #.....
###... #.###)#
#### #.# .. #


You could see a phantom and a bombardier beetle.

Vanquished Creatures
  Pikel (D:4)
  Sigmund (D:3)
  Menkaure (D:5)
  2 ogres (D:5)
  3 phantoms (D:5)
  A kobold brigand (D:6)
  Blork the orc (D:5)
  2 scorpions
  5 wights (D:6)
  2 bombardier beetles
  5 hounds
  A gnoll bouda (D:6)
  4 iguanas
  A sleepcap (D:5)
  12 adders
  4 gnolls
  2 white imps
  4 dart slugs
  2 ribbon worms
  2 orcs (D:6)
  7 endoplasms
  3 giant cockroaches
  9 goblins
  11 hobgoblins
  2 kobolds
  2 quokkas
  6 ball pythons
  5 bats
  7 rats
108 creatures vanquished.

Notes
Turn   | Place    | Note
-------+----------+-------------------------------------------
     0 | D:1      | qw the Deep Elf Hunter began the quest for the Orb.
     0 | D:1      | Reached XP level 1. HP: 12/12 MP: 3/3
     0 | D:1      | 0 ||| qw: Version: 0.3-a-155-g5e7d8dd
     0 | D:1      | 0 ||| qw: Game counter: 765
     0 | D:1      | 0 ||| qw: Melee chars always use a shield: true
     0 | D:1      | 0 ||| qw: God list: Okawaru
     0 | D:1      | 0 ||| qw: Allow faded altars: false
     0 | D:1      | 0 ||| qw: Do Orc after clearing Dungeon:15 true
     0 | D:1      | 0 ||| qw: Do second Lair branch before Depths: true
     0 | D:1      | 0 ||| qw: Lair rune preference: random
     0 | D:1      | 0 ||| qw: Goals: Normal
     0 | D:1      | 0 ||| PLANNING D:1-11
   161 | D:1      | Reached XP level 2. HP: 16/16 MP: 4/4
   166 | D:1      | Reached skill level 6 in Ranged Weapons
   432 | D:1      | 432 ||| UPGRADING to +0 ring mail.
   442 | D:1      | 442 ||| DROPPING +0 leather armour.
   443 | D:1      | 443 ||| UPGRADING to ring of see invisible.
   444 | D:1      | 444 ||| READING scroll labelled JUERGHI WOBLORO.
   545 | D:1      | 545 ||| READING scroll labelled HATHYDUIXTO.
   550 | D:1      | 550 ||| READING scroll labelled ZUCEOP FARUMEG.
   551 | D:1      | 551 ||| DRINKING 2 sedimented sapphire potions.
   552 | D:1      | 552 ||| DROPPING scroll of butterflies.
   553 | D:1      | 553 ||| DROPPING potion of magic.
   562 | D:2      | 562 ||| STAIRDANCE
   576 | D:2      | 576 ||| STAIRDANCE
   618 | D:2      | Found Wawatuki's Armour Shop.
   630 | D:2      | Reached XP level 3. HP: 16/20 MP: 5/5
   647 | D:2      | 647 ||| SHOPLISTING +0 pair of boots (63 gold, have 54).
   647 | D:2      | 647 ||| SHOPLISTING +2 hat (224 gold, have 54).
   712 | D:2      | Found Quofaucw's Distillery.
   734 | D:2      | 734 ||| SHOPLISTING 2 potions of curing (84 gold, have 65).
   734 | D:2      | 734 ||| SHOPLISTING 2 potions of mutation (224 gold, have
                  | 65).
   734 | D:2      | 734 ||| BUYING potion of curing (42 gold).
   734 | D:2      | Bought a potion of curing for 42 gold pieces
   734 | D:2      | 734 ||| SHOPLISTING potion of curing (42 gold, have 23).
   734 | D:2      | 734 ||| SHOPLISTING potion of experience (700 gold, have
                  | 23).
   734 | D:2      | 734 ||| SHOPLISTING potion of heal wounds (70 gold, have
                  | 23).
   734 | D:2      | 734 ||| SHOPLISTING potion of resistance (140 gold, have
                  | 23).
   740 | D:2      | Found Atemm's Antique Armour Shop.
   749 | D:2      | 749 ||| SHOPLISTING glowing ring mail (196 gold, have 36).
   749 | D:2      | 749 ||| SHOPLISTING helmet (126 gold, have 36).
   819 | D:2      | Found Xiorha's Magic Scroll Boutique.
   822 | D:2      | 822 ||| SHOPLISTING scroll of enchant armour (97 gold, have
                  | 67).
   822 | D:2      | 822 ||| BUYING scroll of identify (26 gold).
   822 | D:2      | Bought a scroll of identify for 26 gold pieces
   822 | D:2      | 822 ||| BUYING scroll of identify (26 gold).
   822 | D:2      | Bought a scroll of identify for 26 gold pieces
   822 | D:2      | 822 ||| SHOPLISTING scroll of identify (26 gold, have 15).
   824 | D:2      | Found Moip's Armour Boutique.
   832 | D:2      | 832 ||| SHOPLISTING +1 pearl dragon scales (1049 gold, have
                  | 15).
   832 | D:2      | 832 ||| SHOPLISTING +2 robe of fire resistance (177 gold,
                  | have 15).
   992 | D:2      | 992 ||| UPGRADING to +0 pair of gloves.
   997 | D:2      | 997 ||| READING 3 scrolls of identify.
   997 | D:2      | 997 ||| IDENTIFYING ruby potion
   998 | D:2      | 998 ||| READING 2 scrolls of identify.
   998 | D:2      | 998 ||| IDENTIFYING murky emerald potion
   999 | D:2      | 999 ||| READING scroll of identify.
   999 | D:2      | 999 ||| IDENTIFYING dark potion
  1000 | D:2      | 1000 ||| READING scroll labelled LARYLEM MOSERISHRA.
  1001 | D:2      | 1001 ||| READING scroll labelled DERIZIF WA ACS.
  1001 | D:2      | 1001 ||| ENCHANTING +0 pair of gloves.
  1002 | D:2      | 1002 ||| READING scroll labelled BINIXA JOTE.
  1103 | D:2      | 1103 ||| DROPPING potion of attraction.
  1130 | D:3      | Reached skill level 7 in Ranged Weapons
  1220 | D:3      | Found a stormy altar of Qazlal.
  1329 | D:3      | Noticed a scorpion
  1330 | D:3      | 1330 ||| RETREEEEATING.
  1332 | D:3      | 1332 ||| RETREEEEATING.
  1334 | D:3      | 1334 ||| RETREEEEATING.
  1335 | D:3      | 1335 ||| ZAPPING wand of mindburst (23) at 5,1 (scorpion;
                  | floor).
  1336 | D:3      | 1336 ||| ZAPPING wand of mindburst (22) at 4,1 (scorpion;
                  | floor).
  1339 | D:3      | Reached XP level 4. HP: 25/25 MP: 6/6
  1339 | D:3      | 1339 ||| ZAPPING wand of mindburst (21) at 1,0 (scorpion;
                  | floor).
  1340 | D:3      | 1340 ||| ZAPPING wand of mindburst (20) at 1,0 (scorpion;
                  | floor).
  1340 | D:3      | Killed a scorpion
  1341 | D:3      | Reached skill level 8 in Ranged Weapons
  1377 | D:3      | Noticed Sigmund
  1378 | D:3      | 1378 ||| ZAPPING wand of mindburst (19) at -1,6 (Sigmund;
                  | floor).
  1379 | D:3      | 1379 ||| ZAPPING wand of mindburst (18) at -1,5 (Sigmund;
                  | floor).
  1380 | D:3      | 1380 ||| ZAPPING wand of mindburst (17) at -1,4 (Sigmund;
                  | floor).
  1380 | D:3      | Killed Sigmund
  1381 | D:3      | Reached skill level 9 in Ranged Weapons
  1381 | D:3      | Reached XP level 5. HP: 29/29 MP: 7/7
  1381 | D:3      | Reached XP level 6. HP: 34/34 MP: 8/8
  1520 | D:3      | Found a runed translucent door.
  1521 | D:3      | Noticed Crazy Yiuf
  1893 | D:3      | 1893 ||| UPGRADING to +0 ring mail of cold resistance.
  1903 | D:3      | 1903 ||| DROPPING +0 ring mail.
  1904 | D:3      | 1904 ||| UPGRADING to ring of protection from cold.
  1905 | D:3      | 1905 ||| READING 2 scrolls of identify.
  1905 | D:3      | 1905 ||| IDENTIFYING fizzy orange potion
  1906 | D:3      | 1906 ||| READING scroll of identify.
  1906 | D:3      | 1906 ||| IDENTIFYING fizzy brown potion
  1907 | D:3      | 1907 ||| READING scroll labelled NAXAOBB YSASTY.
  1907 | D:3      | 1907 ||| ENCHANTING +0 shortbow.
  1908 | D:3      | 1908 ||| READING scroll labelled MYEFEINNOE.
  1909 | D:3      | 1909 ||| READING scroll labelled AJITZAAJUA.
  1911 | D:3      | 1911 ||| Stepping ~*~*~tactically~*~*~ (cloud).
  2019 | D:4      | Reached skill level 10 in Ranged Weapons
  2026 | D:4      | 2026 ||| READING scroll of enchant armour.
  2026 | D:4      | 2026 ||| ENCHANTING +1 pair of gloves.
  2040 | D:4      | Noticed Pikel
  2041 | D:4      | 2041 ||| RETREEEEATING.
  2044 | D:4      | 2044 ||| RETREEEEATING.
  2045 | D:4      | 2045 ||| RETREEEEATING.
  2046 | D:4      | 2046 ||| RETREEEEATING.
  2050 | D:4      | 2050 ||| RETREEEEATING.
  2051 | D:4      | 2051 ||| RETREEEEATING.
  2052 | D:4      | 2052 ||| RETREEEEATING.
  2058 | D:4      | HP: 6/35 [lemure[Pikel] (5)]
  2059 | D:4      | 2059 ||| READING scroll of teleportation.
  2060 | D:4      | 2060 ||| DRINKING potion of heal wounds.
  2079 | D:4      | Reached skill level 3 in Dodging
  2112 | D:4      | 2112 ||| RETREEEEATING.
  2114 | D:4      | 2114 ||| RETREEEEATING.
  2115 | D:4      | 2115 ||| RETREEEEATING.
  2117 | D:4      | 2117 ||| RETREEEEATING.
  2118 | D:4      | 2118 ||| DRINKING potion of haste.
  2127 | D:4      | Killed Pikel
  2128 | D:4      | Reached XP level 7. HP: 38/40 MP: 9/9
  2498 | D:4      | 2498 ||| READING scroll of enchant weapon.
  2498 | D:4      | 2498 ||| ENCHANTING +1 shortbow.
  2556 | D:4      | 2556 ||| UPGRADING to +0 cloak.
  2561 | D:4      | 2561 ||| READING scroll labelled MABIAS HEZAO.
  2561 | D:4      | 2561 ||| BRANDING +2 shortbow.
  2586 | D:5      | Entered Level 5 of the Dungeon
  2587 | D:5      | 2587 ||| STAIRDANCE
  2637 | D:5      | 2637 ||| STAIRDANCE
  2682 | D:5      | 2682 ||| STAIRDANCE
  2730 | D:5      | Reached XP level 8. HP: 44/44 MP: 10/10
  2759 | D:5      | 2759 ||| READING scroll of enchant weapon.
  2759 | D:5      | 2759 ||| ENCHANTING +2 shortbow of freezing.
  2770 | D:5      | Reached skill level 11 in Ranged Weapons
  3061 | D:5      | Noticed Menkaure
  3066 | D:5      | HP: 8/44 [phantom (5)]
  3070 | D:5      | Reached skill level 12 in Ranged Weapons
  3070 | D:5      | 3070 ||| ZAPPING wand of mindburst (16) at 1,0 (Menkaure;
                  | open_door).
  3071 | D:5      | 3071 ||| ZAPPING wand of mindburst (15) at 1,0 (Menkaure;
                  | open_door).
  3071 | D:5      | Killed Menkaure
  3239 | D:5      | Reached skill level 3 in Fighting
  3305 | D:5      | Noticed Blork the orc
  3313 | D:5      | Killed Blork the orc
  3622 | D:5      | Found a hide-covered altar of Uskayaw.
  3700 | D:5      | 3700 ||| UPGRADING to +0 helmet.
  3705 | D:5      | 3705 ||| UPGRADING to +4 ring of protection.
  3707 | D:5      | 3707 ||| READING 2 scrolls of identify.
  3707 | D:5      | 3707 ||| IDENTIFYING emerald potion
  3708 | D:5      | 3708 ||| READING scroll of identify.
  3708 | D:5      | 3708 ||| IDENTIFYING purple potion
  3709 | D:5      | 3709 ||| READING scroll labelled CEEWUWNOEL.
  3710 | D:5      | 3710 ||| DROPPING potion of brilliance.
  3711 | D:5      | 3711 ||| DROPPING potion of lignification.
  3813 | D:6      | Noticed a moth of wrath
  3820 | D:6      | Found a bloodstained altar of Trog.
  3921 | D:6      | 3921 ||| RETREEEEATING.
  3922 | D:6      | 3922 ||| RETREEEEATING.
  3933 | D:6      | Reached skill level 13 in Ranged Weapons
  3936 | D:6      | Reached XP level 9. HP: 27/50 MP: 11/11
  3936 | D:6      | 3936 ||| FLEEEEING.
  3937 | D:6      | 3937 ||| FLEEEEING.
  3938 | D:6      | 3938 ||| FLEEEEING.
  3939 | D:6      | 3939 ||| FLEEEEING.
  3940 | D:6      | 3940 ||| FLEEEEING.
  3941 | D:6      | 3941 ||| FLEEEEING.
  3942 | D:6      | 3942 ||| FLEEEEING.
  3943 | D:6      | 3943 ||| FLEEEEING.
  3944 | D:6      | 3944 ||| FLEEEEING.
  3945 | D:6      | 3945 ||| FLEEEEING.
  3946 | D:6      | 3946 ||| FLEEEEING.
  3947 | D:6      | 3947 ||| FLEEEEING.
  4188 | D:6      | HP: 12/50 [burnt (5)]
  4190 | D:6      | 4190 ||| READING 2 scrolls of teleportation.
  4190 | D:6      | HP: 4/50 [burnt (5)]
  4191 | D:6      | Incinerated by a bombardier beetle

Levels and vault maps discovered:
D:1:      amcnicky_arrival_underground_garden, layout_rooms
D:2:      layout_rooms, serial_shops, shop_fountains, shop_fountains, shop,
          nicolae_shop_pleasant_corner_grove, shop
D:3:      minmay_chambers_of_twos, layout_loops_cross,
          mainiacjoe_overflow_cross_hatched, grunt_decor_one_mirror,
          uniq_crazy_yiuf_cottage, uniq_sigmund
D:4:      layout_rooms, uniq_pikel
D:5:      layout_loops_ring, mainiacjoe_overflow_24_doors,
          kennysheep_cross_bottleneck, uniq_blork_the_orc, uniq_menkaure
D:6:      minmay_recursive_quarters, layout_basic, tgw_trog,
          lemuel_temple_firewalk_b, minmay_checkerbox

Skill      XL: |  1  2  3  4  5  6  7  8 |
---------------+-------------------------+-----
Ranged Weapons | 6 7 9 10 13 | 13.8
Fighting       | 2 3 |  3.1
Dodging        | 3 4 |  4.1
Armour         | 4 |  4.4
Stealth        | |  1.2

Action                     |  1- 3 |  4- 6 |  7- 9 || total
---------------------------+-------+-------+-------++-------
   Fire: Shortbow          |   117 |    96 |   215 ||   428
  Evoke: Wand              |     2 |     5 |     2 ||     9
    Use: Scroll            |     9 |     7 |     7 ||    23
         Potion            |     1 |     2 |       ||     3
 Armour: Ring mail         |    20 |    30 |    75 ||   125
         Leather armour    |     4 |       |       ||     4
  Dodge: Dodged            |    27 |    39 |    59 ||   125

Table legend:
 A = Non-vault XP
 B = Vault XP
 C = Vault XP percentage of total XP
 D = Non-vault monster count
 E = Vault monster count
 F = Vault count percentage of total count
                 A         B        C        D         E       F
            +---------+---------+-------+---------+---------+-------
      Total |    1685 |    1553 |  48.0 |      82 |      26 |  24.1
            +---------+---------+-------+---------+---------+-------
        D:1 |      25 |       0 |   0.0 |      14 |       0 |   0.0
        D:2 |      36 |       0 |   0.0 |      15 |       0 |   0.0
        D:3 |     138 |     279 |  66.9 |      14 |       9 |  39.1
        D:4 |     281 |     663 |  70.2 |      19 |       1 |   5.0
        D:5 |     756 |     268 |  26.2 |      14 |       2 |  12.5
        D:6 |     449 |     343 |  43.3 |       6 |      14 |  70.0
            +---------+---------+-------+---------+---------+-------
